 Dungeon Crawl Stone Soup version 0.25-a0-975-gcae8493d64 (webtiles) character file.

Game seed: 8032422268265618250, levelgen mode: deterministic

185154 MisterFreud the Fencer (level 17, -41/237 HPs)
             Began as a Minotaur Abyssal Knight on May 9, 2020.
             Was a High Priest of Lugonu.
             Killed from afar by a hellephant (60 damage)
             ... with a blast of flame
             ... on level 2 of the Abyss.
             The game lasted 01:18:58 (36218 turns).

MisterFreud the Fencer (Minotaur Abyssal Knight)   Turns: 36218, Time: 01:18:59

Health: -41/237    AC: 28    Str: 18      XL:     17   Next: 80%
Magic:  25/25      EV:  2    Int:  6 (9)  God:    Lugonu [*****.]
Gold:   2960       SH: 19    Dex: 21      Spells: 16/16 levels left

rFire    . . .     SeeInvis +   O - +5 demon blade (flame)
rCold    . . .     Gourm    .   m - +5 kite shield of the Orcish Mines {rElec Str-3 Dex+6}
rNeg     + + +     Faith    .   (armour currently unavailable)
rPois    +         Spirit   .   (helmet currently unavailable)
rElec    +         Reflect  .   (cloak currently unavailable)
rCorr    .         Harm     .   (gloves currently unavailable)
MR       +++..     NoTele   +   (boots currently unavailable)
Stlth    ++........             o - amulet of regeneration
HPRegen  0.89/turn              L - ring of protection from magic
MPRegen  0.19/turn              u - ring of protection from magic

@: tree-form
A: (retaliatory headbutt), see invisible, agile 1, no potion heal 1, subdued
magic 1
a: Depart the Abyss, Bend Space, Banish, Corrupt, Enter the Abyss, Renounce
Religion


You were on level 2 of the Abyss.
You worshipped Lugonu.
Lugonu was extremely pleased with you.
You were not hungry.
You were a tree.
You visited 5 branches of the dungeon, and saw 30 of its levels.
You visited the Abyss 3 times.

You collected 3368 gold pieces.
You spent 408 gold pieces at shops.

Inventory:

Hand Weapons
 O - a +5 demon blade of flaming (weapon)
Missiles
 k - 18 silver javelins (quivered)
 s - 3 throwing nets
Armour
 d - a +1 pair of boots (melded)
 h - the cursed +0 hat "Cioguneu" (melded) {MR+ Int+3 Dex-3 SInv}
   (You found it on level 1 of the Abyss)

   It affects your intelligence (+3).
   It affects your dexterity (-3).
   It affects your resistance to hostile enchantments.
   It lets you see invisible.
   It has a curse placed upon it.
 m - the +5 kite shield of the Orcish Mines (worn) {rElec Str-3 Dex+6}
   (You acquired it on level 4 of the Lair of Beasts)

   It affects your strength (-3).
   It affects your dexterity (+6).
   It insulates you from electricity.
 v - a +0 pair of gloves (melded)
 E - +0 pearl dragon scales (melded)
 G - a scarf of resistance (melded)
Jewellery
 a - an uncursed ring of see invisible
 o - an amulet of regeneration (around neck)
 t - an uncursed ring of resist corrosion
 u - a ring of protection from magic (right branch)
 C - an uncursed ring of protection from fire
 L - a ring of protection from magic (left branch)
 V - an uncursed ring of positive energy
Wands
 p - a wand of flame (26)
 B - a wand of clouds (21)
 I - a wand of disintegration (36)
 J - a wand of digging (4)
 N - a wand of iceblast (45)
 P - a wand of enslavement (4)
 T - a wand of polymorph (15)
Scrolls
 b - 10 scrolls of teleportation
 e - a scroll of summoning
 q - 13 scrolls of remove curse
 w - 2 scrolls of magic mapping
 K - 5 scrolls of enchant armour
 M - 3 scrolls of fog
 Q - 3 scrolls of fear
 Y - a scroll of blinking
 Z - 2 scrolls of identify
Potions
 f - 6 potions of flight
 i - 4 potions of berserk rage
 j - 6 potions of lignification
 l - 2 potions of heal wounds
 n - 4 potions of stabbing
 r - 2 potions of magic
 y - a potion of cancellation
 z - 10 potions of curing
 A - 4 potions of brilliance
 D - a potion of might
 F - a potion of invisibility
 H - 5 potions of haste
 R - 3 potions of resistance
 S - a potion of ambrosia
 U - 2 potions of mutation
Miscellaneous
 X - a box of beasts
Comestibles
 c - 46 rations


   Skills:
 + Level 16.3 Fighting
 + Level 17.9 Long Blades
 - Level 15.0 Armour
 - Level 10.0 Dodging
 - Level 15.0 Shields
 - Level 12.0 Invocations
 - Level 10.0 Evocations


You had 16 spell levels left.
You didn't know any spells.
Your spell library contained the following spells:

 Spells                   Type           Power        Failure   Level  Hunger
 Freeze                   Ice            #...         41%         1    ##.....
 Infusion                 Chrm           #...         41%         1    ##.....
 Magic Dart               Conj           #...         41%         1    ##.....
 Sandblast                Erth           #.....       41%         1    ##.....
 Shock                    Conj/Air       #...         41%         1    ##.....
 Sting                    Tmut/Pois      #...         41%         1    ##.....
 Blink                    Tloc           N/A          54%         2    ###....
 Call Imp                 Summ           #.......     54%         2    ###....
 Corpse Rot               Necr/Air       N/A          54%         2    ###....
 Passwall                 Tmut/Erth      #.......     54%         2    ###....
 Poisonous Vapours        Pois/Air       #.....       54%         2    ###....
 Shroud of Golubria       Chrm/Tloc      #.....       54%         2    ###....
 Slow                     Hex            #.......     54%         2    ###....
 Song of Slaying          Chrm           #.......     54%         2    ###....
 Sublimation of Blood     Necr           #.........   54%         2    ###....
 Swiftness                Chrm/Air       #.......     54%         2    ###....
 Confusing Touch          Hex            #.......     80%         3    ####...
 Conjure Flame            Conj/Fire      #.......     80%         3    ####...
 Frozen Ramparts          Ice            #.....       80%         3    ####...
 Gell's Gravitas          Tloc           #.........   80%         3    ####...
 Ignite Poison            Fire/Tmut/Pois #.......     80%         3    ####...
 Mephitic Cloud           Conj/Pois/Air  #.......     80%         3    ####...
 Ozocubu's Armour         Chrm/Ice       #.......     80%         3    ####...
 Spectral Weapon          Hex/Chrm       #.......     80%         3    ####...
 Static Discharge         Conj/Air       #.......     80%         3    ####...
 Stone Arrow              Conj/Erth      #.....       80%         3    ####...
 Airstrike                Air            #.........   99%         4    #####..
 Dispel Undead            Necr           #.......     99%         4    #####..
 Hailstorm                Conj/Ice       #.......     99%         4    #####..
 Olgreb's Toxic Radiance  Pois           #.......     99%         4    #####..
 Petrify                  Tmut/Erth      #.......     99%         4    #####..
 Summon Ice Beast         Ice/Summ       #.......     99%         4    #####..
 Agony                    Necr           #.......     100%        5    ######.
 Excruciating Wounds      Chrm/Necr      #.........   100%        5    ######.
 Fireball                 Conj/Fire      #.........   100%        5    ######.
 Lee's Rapid Deconstruct  Erth           #.........   100%        5    ######.
 Lightning Bolt           Conj/Air       #.........   100%        5    ######.
 Metabolic Englaciation   Hex/Ice        #.........   100%        5    ######.
 Yara's Violent Unravell  Hex/Tmut       #.........   100%        5    ######.
 Starburst                Conj/Fire      #.........   100%        6    #######
 Ring of Flames           Chrm/Fire      #.........   100%        7    #######
 Chain Lightning          Conj/Air       #.........   100%        8    #######
 Ignition                 Fire           #.........   100%        8    #######
 Lehudib's Crystal Spear  Conj/Erth      #.........   100%        8    #######
 Absolute Zero            Ice            #.........   100%        9    #######
 Fire Storm               Conj/Fire      #.........   100%        9    #######


Dungeon Overview and Level Annotations

Branches:
Dungeon (15/15)            Temple (0/1) D:4            Lair (6/6) D:10
 Shoals (4/4) Lair:3        Snake (3/4) Lair:2        Slime (0/5) Lair:6
    Orc (2/2) D:11            Elf (0/3) Orc:2        Vaults (0/5) D:13
 Depths (0/5) D:15

Altars:
Dithmenos
Fedhas
Hepliaklqana
Kikubaaqudgha
Makhleb
Qazlal
Ru
The Shining One
Beogh
Jiyva

Shops:
D:4 =   D:6 (   D:13 *   Orc:2 %(=   Shoals:3 [   Snake:1 *!   Snake:2 (

Portals:
Hell: Lair:6
Trove: D:11 (give 7 potions of stabbing)

Annotations:
D:9 exclusion: ice statue
D:13 1 runed translucent door, Xaez's ghost, journeyman HOFi
Shoals:1 3 runed translucent doors, Lavandula's ghost, journeyman TeAE
Snake:3 Mara


Innate Abilities, Weirdness & Mutations

((You reflexively headbutt those who attack you in melee.))
((You have a pair of horns on your head.))
You have supernaturally acute eyesight. (SInv)
You are agile. (Dex +2)
Potions are less effective at restoring your health.
Your spells are a little easier to cast, but a little less powerful.


Message History

* * * LOW HITPOINT WARNING * * *
The Executioner hits you but does no damage.
The Executioner hits you.
* * * LOW HITPOINT WARNING * * *
Your system partially rejects the healing.
You feel much better.
The Executioner hits you but does no damage.
You block the Executioner's attack.
The Executioner hits you but does no damage.
Your mature batsting beast barely misses the Executioner.
Your mature batsting beast closely misses the Executioner.
The Executioner hits you!
* * * LOW HITPOINT WARNING * * *
You block the Executioner's attack. The Executioner hits you.
* * * LOW HITPOINT WARNING * * *
The hellephant is engulfed in poison gas.
The hellephant looks even sicker.
The hellephant breathes flames at you. The blast of flame hits you!!!
You die...

. ............
....... .#..
..#..... ... .
#...###... ##. .##
##.# ##.## # .##
#...###...###...###.
...#.....#.... ≈..≈
..........≈≈..≈ ≈ .
#†.H..≈≈≈≈≈.♣..
#≈♣1.≈≈≈≈. ≈≈#.
###Y#≈###.#≈### #
#.§§## . .## .
≈.≈≈Y...§§# . ≈#
.≈≈..≈≈..§§§≈.....
..≈≈≈≈....§#§. . #
..# #...###... #.# #
.## #. #. ... ..


You could see a hellephant (very poisoned, catching breath), an Executioner
(fast) and a friendly mature batsting beast (summoned).

Vanquished Creatures
  2 bone dragons
  A lich (Abyss:1)
  2 krakens (Shoals:3)
  2 tentacled starspawn (Abyss:2)
  Donald (Snake:1)
  A nagaraja (Snake:3)
  2 very ugly things (Abyss:1)
  A stone giant (Orc:1)
  An ophan (Abyss:2)
  Nessos (D:12)
  A dire elephant (Lair:6)
  6 merfolk impalers
  A great orb of eyes (Abyss:1)
  10 naga warriors
  2 anacondas
  10 hydras
  Erica (Lair:2)
  2 catoblepae (Lair:2)
  2 merfolk aquamancers
  A merfolk avatar (Shoals:3)
  26 two-headed ogres
  A centaur warrior (D:15)
  6 ogre magi
  2 satyrs (Shoals:3)
  2 shock serpents
  2 naga sharpshooters
  4 death yaks
  8 large abominations
  A thrashing horror (Abyss:2)
  A wretched star (Abyss:2)
  Nergalle (D:12)
  A sun demon (Lair:6)
  5 skeletal warriors
  5 salamander mystics
  A glowing orange brain (Abyss:2)
  2 sea snakes (Shoals:2)
  2 naga ritualists
  7 unseen horrors
  A lindwurm (D:13)
  A phantasmal warrior (D:13)
  2 wizards
  2 orc knights
  4 harpies (Shoals:4)
  A wolf spider zombie (D:15)
  7 mana vipers
  6 orc sorcerers
  7 manticores
  2 deep elf magi (D:15)
  11 salamanders
  18 fauns
  7 ugly things
  A worldbinder (Abyss:2)
  A cyclops (Shoals:3)
  8 merfolk sirens
  3 orange demons
  2 smoke demons (Abyss:2)
  22 black mambas
  4 water nymphs
  5 elephants
  2 guardian serpents
  2 gargoyles
  A torpor snail (Lair:6)
  4 naga magi
  8 spiny frogs
  7 rime drakes
  2 efreet
  A tormentor (Abyss:2)
  8 komodo dragons
  A hellwing (Lair:6)
  2 ancient zymes (Abyss:2)
  2 ice devils (Lair:6)
  A harpy zombie (D:15)
  22 merfolk
  A red devil (Lair:6)
  6 trolls
  A wind drake (Shoals:2)
  A polar bear (Lair:4)
  A hornet (D:9)
  A wind drake (shapeshifter) (D:15)
  8 snapping turtles
  20 blink frogs
  18 hippogriffs
  A raiju (Abyss:2)
  6 dream sheep
  Prince Ribbit (Lair:1)
  A centaur simulacrum (D:15)
  A ynoxinul (Abyss:2)
  2 shadows
  A tarantella (shapeshifter) (Abyss:2)
  A spriggan (shapeshifter) (Abyss:2)
  8 water elementals
  Eustachio (D:5)
  4 wyverns
  2 wraiths
  A wyvern (shapeshifter) (Abyss:1)
  A basilisk (D:15)
  5 chaos spawn
  30 yaks
  A fire bat (Abyss:1)
  4 hogs (D:7)
  A human (D:7)
  4 neqoxecs
  6 vampire mosquitoes (D:15)
  20 nagas
  3 hungry ghosts
  A soldier ant (D:12)
  4 wargs (Orc:1)
  11 water moccasins
  Duvessa (D:7)
  4 hell hounds (Lair:6)
  7 porcupines
  3 sky beasts
  10 ice beasts
  An eye of draining (Abyss:2)
  22 orc warriors
  3 phantoms
  21 centaurs
  A wolf (shapeshifter) (Abyss:1)
  A tengu (shapeshifter) (Abyss:1)
  36 ogres
  8 wolves
  11 crocodiles
  9 small abominations
  2 wyvern zombies (D:13)
  A bullfrog (shapeshifter) (Abyss:1)
  26 bullfrogs
  Dowan (D:7)
  A wyvern skeleton (D:14)
  3 scorpions
  3 killer bees (D:8)
  6 wights
  2 electric eels
  9 howler monkeys
  4 bullfrog zombies
  9 crimson imps
  5 hounds
  2 quasits (D:9)
  2 starcursed masses (Abyss:1)
  2 jellies
  4 centaur zombies
  5 centaur skeletons
  24 orc priests
  22 orc wizards
  3 bullfrog skeletons
  2 iron imps
  6 iguanas
  A hell rat (Lair:6)
  11 worker ants
  3 hound skeletons
  A worker ant zombie (D:10)
  2 howler monkey skeletons
  12 adders
  5 shadow imps
  A white imp (Abyss:2)
  An ufetubus (Abyss:2)
  4 dart slugs
  10 leopard geckos
  57 orcs
  2 spectral bats (Abyss:1)
  A bat (shapeshifter) (Abyss:1)
  A giant cockroach (shapeshifter) (Abyss:1)
  6 giant cockroaches
  8 goblins
  A goblin (shapeshifter) (Abyss:1)
  5 hobgoblins (D:1)
  5 jackals
  7 quokkas
  4 ball pythons
  11 bats
  A bat simulacrum (Abyss:1)
  6 frilled lizards
  A jackal zombie (D:8)
  3 kobolds
  A quokka skeleton (D:7)
  9 rats
  A plant (Lair:2)
  3 starspawn tentacles (Abyss:2)
  9 tentacles
958 creatures vanquished.

Vanquished Creatures (others)
  A black mamba (Snake:2)
  A sky beast (Abyss:2)
  8 fungi
  15 plants
  5 starspawn tentacles (Abyss:2)
  12 tentacles (Shoals:3)
  15 toadstools (Lair:2)
57 creatures vanquished.

Grand Total: 1015 creatures vanquished

Notes
Turn   | Place    | Note
-------+----------+-------------------------------------------
     0 | Abyss:1  | MisterFreud the Minotaur Abyssal Knight began the quest for
                  | the Orb.
     0 | Abyss:1  | Reached XP level 1. HP: 19/19 MP: 1/1
    42 | Abyss:1  | Noticed an eye of draining
    52 | Abyss:1  | Noticed a quasit
    57 | Abyss:1  | Noticed a large abomination
    59 | D:1      | Escaped the Abyss
   300 | D:1      | Reached XP level 2. HP: 23/28 MP: 2/2
   397 | D:1      | Reached * piety under Lugonu
   494 | D:1      | Reached skill level 5 in Fighting
   612 | D:1      | Reached XP level 3. HP: 36/36 MP: 3/3
  1239 | D:2      | Found an ancient bone altar of Kikubaaqudgha.
  1270 | D:2      | Reached XP level 4. HP: 41/44 MP: 4/4
  1314 | D:2      | Reached ** piety under Lugonu
  1714 | D:3      | Found a stormy altar of Qazlal.
  2410 | D:4      | Found a staircase to the Ecumenical Temple.
  2415 | D:4      | Reached XP level 5. HP: 44/51 MP: 5/5
  2484 | D:4      | Noticed a two-headed ogre
  2611 | D:4      | Reached XP level 6. HP: 56/61 MP: 6/6
  2996 | D:4      | Found Duwias's Jewellery Emporium.
  3082 | D:4      | Reached skill level 5 in Armour
  3448 | D:4      | Reached XP level 7. HP: 63/68 MP: 7/7
  3470 | D:4      | Killed a two-headed ogre
  3470 | D:4      | Reached skill level 7 in Long Blades
  3470 | D:4      | Reached XP level 8. HP: 46/74 MP: 8/8
  3691 | D:5      | Entered Level 5 of the Dungeon
  3706 | D:4      | Reached skill level 8 in Long Blades
  3848 | D:5      | Noticed Eustachio
  3872 | D:5      | Killed Eustachio
  3872 | D:5      | Reached skill level 9 in Long Blades
  4185 | D:5      | Reached *** piety under Lugonu
  4441 | D:5      | Reached skill level 10 in Long Blades
  4747 | D:5      | Found a hazy altar of Hepliaklqana.
  4968 | D:6      | Found Tinnewe's Weapon Boutique.
  5121 | D:6      | Reached XP level 9. HP: 81/81 MP: 11/11
  5464 | D:6      | Reached skill level 5 in Invocations
  5673 | D:6      | Found a blossoming altar of Fedhas.
  5784 | D:7      | Found a shadowy altar of Dithmenos.
  6191 | D:7      | Reached **** piety under Lugonu
  6264 | D:7      | Noticed Dowan
  6265 | D:7      | Noticed Duvessa
  7020 | D:7      | Reached skill level 11 in Long Blades
  7145 | D:7      | Killed Duvessa
  7149 | D:7      | Killed Dowan
  7314 | D:7      | Reached XP level 10. HP: 48/88 MP: 14/14
  7796 | D:6      | Bought a +1 demon blade of flaming for 408 gold pieces
  8043 | D:8      | Reached skill level 12 in Long Blades
  8544 | D:8      | Found a glowing golden altar of the Shining One.
  8740 | D:9      | Found a burning altar of Makhleb.
  8740 | D:9      | Found a sacrificial altar of Ru.
  8770 | D:9      | Noticed an ice statue
  9243 | D:9      | Reached skill level 13 in Long Blades
  9316 | D:9      | Reached ***** piety under Lugonu
  9724 | D:9      | Reached skill level 14 in Long Blades
 10453 | D:10     | Entered Level 10 of the Dungeon
 10706 | D:10     | Killed an unseen horror
 10748 | D:10     | Noticed a two-headed ogre
 11107 | D:10     | Reached XP level 11. HP: 70/95 MP: 16/16
 11468 | D:10     | Killed an unseen horror
 11716 | D:10     | Found a staircase to the Lair.
 11895 | D:10     | Noticed a two-headed ogre
 11902 | D:10     | Killed a two-headed ogre
 12260 | Lair:1   | Entered Level 1 of the Lair of Beasts
 12637 | Lair:1   | Noticed a four-headed hydra
 12644 | Lair:1   | Killed a one-headed hydra
 12644 | Lair:1   | Reached skill level 5 in Dodging
 12736 | Lair:1   | Got an ancient ring mail
 12747 | Lair:1   | Identified the cursed +1 ring mail of Unambiguity {+Inv
                  | +Fly Dex+3} (You found it on level 1 of the Lair of Beasts)
 13067 | Lair:1   | Noticed Prince Ribbit
 13105 | Lair:1   | Reached skill level 10 in Fighting
 13621 | Lair:1   | Noticed a seven-headed hydra
 13629 | Lair:1   | Killed a three-headed hydra
 13797 | Lair:1   | Killed Prince Ribbit
 14494 | Lair:2   | Noticed Erica
 14567 | Lair:2   | Noticed a seven-headed hydra
 14573 | Lair:2   | Killed a four-headed hydra
 14823 | Lair:2   | Found a staircase to the Snake Pit.
 14843 | Lair:2   | Reached skill level 10 in Armour
 14923 | Lair:2   | Killed Erica
 14923 | Lair:2   | Reached XP level 12. HP: 78/106 MP: 17/17
 15668 | Lair:2   | Noticed a catoblepas
 15668 | Lair:2   | Noticed a catoblepas
 15689 | Lair:2   | Found a runed translucent door.
 16231 | Lair:2   | Killed a catoblepas
 16231 | Lair:2   | Reached skill level 10 in Dodging
 16231 | Lair:2   | Reached skill level 1 in Shields
 16231 | Lair:2   | Reached skill level 1 in Evocations
 16279 | Lair:2   | Killed a catoblepas
 16713 | Lair:3   | You fall into a shaft and drop 1 floor!
 16760 | Lair:4   | Identified a scroll of acquirement
 16760 | Lair:4   | Identified the amulet "Botugiky" {RegenMP +Inv Str+8 Int-5
                  | Stlth-} (You acquired it on level 4 of the Lair of Beasts)
 16760 | Lair:4   | Identified the +5 kite shield of the Orcish Mines {rElec
                  | Str-3 Dex+6} (You acquired it on level 4 of the Lair of
                  | Beasts)
 16930 | Lair:3   | Found a staircase to the Shoals.
 16935 | Lair:3   | Noticed a four-headed hydra
 16942 | Lair:3   | Killed a one-headed hydra
 17090 | Lair:3   | Reached skill level 5 in Shields
 17612 | Lair:4   | Reached skill level 5 in Evocations
 18289 | Lair:5   | Noticed a death yak
 18290 | Lair:5   | Noticed a death yak
 18290 | Lair:5   | Noticed a death yak
 18305 | Lair:5   | Killed a death yak
 18307 | Lair:5   | Killed a death yak
 18307 | Lair:5   | Reached XP level 13. HP: 98/113 MP: 18/18
 18996 | Lair:6   | Entered Level 6 of the Lair of Beasts
 19343 | Lair:6   | Reached skill level 10 in Shields
 20206 | Lair:6   | Reached ****** piety under Lugonu
 20242 | Lair:6   | Found a viscous altar of Jiyva.
 20242 | Lair:6   | Found a staircase to the Slime Pits.
 20651 | Lair:6   | Noticed a dire elephant
 20667 | Lair:6   | Killed a dire elephant
 21299 | Lair:6   | Found a burning altar of Makhleb.
 21358 | Lair:6   | Found a gateway to Hell.
 21890 | D:11     | Found a portal to a secret trove of treasure.
 21931 | D:11     | Found a staircase to the Orcish Mines.
 21938 | D:11     | Found a roughly hewn altar of Beogh.
 22032 | D:11     | You fall into a shaft and drop 3 floors!
 22088 | D:13     | Reached XP level 14. HP: 121/121 MP: 19/19
 22411 | D:12     | Reached skill level 15 in Shields
 22468 | D:12     | Noticed Nessos
 22471 | D:12     | Noticed Nergalle
 22480 | D:12     | Killed Nergalle
 22488 | D:12     | Killed Nessos
 23630 | D:13     | Reached skill level 10 in Invocations
 23668 | D:13     | Found Ysoyfos's General Store.
 23909 | D:13     | Found a runed translucent door.
 23917 | D:13     | Noticed Xaez's ghost (journeyman HOFi)
 24042 | D:13     | Noticed a ghoul
 24289 | D:13     | Found a gate to the Vaults.
 24891 | D:14     | Found a glowing golden altar of the Shining One.
 25463 | D:15     | Entered Level 15 of the Dungeon
 25743 | D:15     | Reached XP level 15. HP: 129/129 MP: 23/23
 25758 | D:15     | Found a staircase to the Depths.
 26580 | Orc:1    | Entered Level 1 of the Orcish Mines
 26646 | Orc:2    | Entered Level 2 of the Orcish Mines
 26646 | Orc:2    | Found a staircase to the Elven Halls.
 26647 | Orc:2    | Found a roughly hewn altar of Beogh.
 27801 | Orc:2    | Found Mumoots's Antique Weapon Emporium.
 27801 | Orc:2    | Found Nokleh's Jewellery Shop.
 27803 | Orc:2    | Found Faqanyas's Antique Weapon Boutique.
 27803 | Orc:2    | Found Asuloar's Food Emporium.
 28395 | Snake:1  | Entered Level 1 of the Snake Pit
 28572 | Snake:1  | Found Ciaxt's Distillery.
 28579 | Snake:1  | Found Vetiobez's General Store.
 29396 | Snake:2  | Noticed Donald
 29400 | Snake:2  | Reached XP level 16. HP: 95/146 MP: 24/24
 29422 | Snake:1  | Killed Donald
 29861 | Snake:2  | Found Omuesiss's Antique Weapon Shop.
 30695 | Snake:2  | Reached skill level 15 in Fighting
 30695 | Snake:2  | Reached skill level 15 in Armour
 31433 | Abyss:1  | Reached skill level 15 in Long Blades
 31591 | Abyss:1  | Noticed a lich
 31599 | Abyss:1  | Killed a lich
 31662 | Abyss:1  | Paralysed by accursed screaming for 1 turns
 31664 | Snake:3  | Escaped the Abyss
 32328 | Snake:3  | Noticed Mara
 32330 | Snake:3  | Noticed MisterFreud's illusion
 32448 | Shoals:1 | Entered Level 1 of the Shoals
 32539 | Shoals:1 | Reached skill level 16 in Long Blades
 32589 | Shoals:1 | Found a runed translucent gate.
 32589 | Shoals:1 | Found a runed translucent gate.
 32589 | Shoals:1 | Found a runed translucent gate.
 32940 | Shoals:1 | Noticed Lavandula's ghost (journeyman TeAE)
 33553 | Shoals:2 | Reached XP level 17. HP: 76/156 MP: 25/25
 33671 | Shoals:2 | Got a steaming copper ring
 33672 | Shoals:2 | Identified the ring of Copigg {Fire Str+2} (You found it on
                  | level 2 of the Shoals)
 34477 | Shoals:3 | Noticed a kraken
 34495 | Shoals:3 | Killed a kraken
 34529 | Shoals:3 | Reached skill level 17 in Long Blades
 34730 | Shoals:3 | Noticed a kraken
 34756 | Shoals:3 | Killed a kraken
 34842 | Shoals:3 | Found Nenk's Antique Armour Shoppe.
 35396 | Shoals:4 | Entered Level 4 of the Shoals
 35442 | Shoals:4 | Got a scorched turquoise ring
 35443 | Shoals:4 | Identified the ring of the Median {Str+6 Dex+6} (You found
                  | it on level 4 of the Shoals)
 35482 | Shoals:4 | Noticed a kraken
 35544 | Abyss:1  | Got a warped hat
 35555 | Abyss:1  | Identified the cursed +0 hat "Cioguneu" {MR+ Int+3 Dex-3
                  | SInv} (You found it on level 1 of the Abyss)
 35561 | Abyss:1  | Got a pitted cloak
 35572 | Abyss:1  | Identified the +0 cloak of Ucacamomu {Int+2} (You found it
                  | on level 1 of the Abyss)
 35594 | Abyss:1  | Gained mutation: You are agile. (Dex +2) [a neqoxec]
 35595 | Abyss:1  | Gained mutation: You have supernaturally acute eyesight.
                  | (SInv) [a neqoxec]
 35600 | Abyss:1  | Gained mutation: Your spells are a little easier to cast,
                  | but a little less powerful. [a neqoxec]
 35608 | Abyss:1  | Got a shimmering arbalest
 35610 | Abyss:1  | Identified the cursed +1 arbalest of Spite {freeze, MP+9}
                  | (You found it on level 1 of the Abyss)
 35650 | Abyss:1  | Noticed a bone dragon
 35693 | Abyss:1  | Killed a bone dragon
 35906 | Abyss:2  | Reached skill level 10 in Evocations
 35908 | Abyss:2  | Gained mutation: Potions are less effective at restoring
                  | your health. [a neqoxec]
 35971 | Abyss:2  | Noticed a bone dragon
 36067 | Abyss:2  | Killed a bone dragon
 36103 | Abyss:2  | Found a corrupted altar of Lugonu.
 36203 | Abyss:2  | Noticed a hellephant
 36218 | Abyss:2  | Killed from afar by a hellephant

Illustrated notes

Levels and vault maps discovered:
D:1:      dpeg_arrival_line_fractal, layout_rooms, minmay_3d_cube
D:2:      layout_basic, lemuel_tele_altar
D:3:      layout_basic, grunt_qazlal_sundering
D:4:      layout_loops_ring, minmay_temple_entry_stoned_glass, serial_shops,
          nicolae_shop_stone
D:5:      layout_cave_pools, first_ration, basic_altar, uniq_eustachio
D:6:      layout_basic, nicolae_overflow_hidden_temple, serial_shops, shop,
          nicolae_wand_duel
D:7:      layout_cave_pools, grunt_livestock, grunt_dithmenos_smoke_and_mirrors,
          uniq_duvessa
D:8:      layout_basic, nicolae_tso_swordbearing_angel
D:9:      minmay_goldmine, layout_cave_pods, gammafunk_temple_overflow_wave,
          minivault_16
D:10:     layout_basic, david_lair_shrubbed
D:11:     layout_basic, minmay_orc_entry_temple_small, gauntlet_entry_generic,
          nicolae_trove_entry_crossroad, portal_ice_cave_entry_ice_beasts
D:12:     layout_gridville, minmay_lindwurm_lava, uniq_nergalle, uniq_nessos
D:13:     layout_roguey, david_vaults_4, ebering_ghost_inner_flame,
          serial_undead, serial_undead_c, serial_undead_e, serial_undead_f,
          serial_undead_c, serial_shops, shop_fountains
D:14:     layout_layer_cave, basic_altar, chequers_garden,
          hangedman_abyss_or_decor_lesser_grid
D:15:     grunt_enter_depths_magical_seal, layout_loops_ring, glass_columns_a
Lair:1:   layout_layer_cave, serial_bayou_shore_a, lemuel_fruit_tree,
          uniq_prince_ribbit2
Lair:2:   gammafunk_lair_enchanted_lake, layout_chaotic_city,
          minmay_snake_entry_guardpost_small, uniq_erica
Lair:3:   layout_gridlike, shoals_dummy_entry
Lair:4:   layout_cave_shapes
Lair:5:   layout_regular_city
Lair:6:   evil_forest, layout_cellular_growth, slime_altar_1,
          serial_bayou_pond_d, chequers_serial_rivers_small_b,
          grunt_megastairs_1
Shoals:1: layout_shoals, gammafunk_ghost_necromancy
Shoals:2: layout_shoals
Shoals:3: layout_shoals, serial_shops, shop, nicolae_shoals_kraken_intersection
Shoals:4: shoals_end_hangedman, layout_shoals,
          nicolae_shoals_siren_and_animal_friends, uniq_kirke
Snake:1:  layout_gridlike, grunt_megastairs_3, minmay_shoptagon
Snake:2:  layout_cave_town, serial_shops, nicolae_shop_overgrown_old_shop,
          uniq_donald
Snake:3:  layout_grid_shapes, minmay_shop_grove, uniq_mara
Orc:1:    layout_caves, mines5_lemuel
Orc:2:    st_orc_ogre_mass, layout_caves, basic_altar, nicolae_orc_stony_grotto
Abyss:2:  base: Lair:5, abyss_exit_lava, hangedman_abyss_or_decor_stagger,
          evilmike_abyss_exit_10, onia_ninara_dug_in_and_dangerous

Skill      XL: |  1  2  3  4  5  6  7  8  9 10 11 12 13 14 15 16 17 |
---------------+----------------------------------------------------+-----
Fighting       | 4 5 6 8 10 11 14 15 16 | 16.3
Armour         | 3 6 7 10 11 14 15 | 15.0
Long Blades    | 7 10 11 14 16 17 | 17.9
Invocations    | 4 7 8 12 | 12.0
Dodging        | 3 8 10 | 10.0
Shields        | 8 14 15 | 15.0
Evocations     | 6 8 10 | 10.0

Action                   |  1- 3 |  4- 6 |  7- 9 | 10-12 | 13-15 | 16-18 || total
-------------------------+-------+-------+-------+-------+-------+-------++-------
Melee: Falchion          |    81 |   149 |   194 |       |       |       ||   424
       Headbutt          |     7 |    33 |    76 |   129 |   447 |   379 ||  1071
       Long sword        |       |       |    96 |     8 |       |       ||   104
       Demon blade       |       |       |       |   580 |  1537 |  1338 ||  3455
Invok: Depart the Abyss  |     1 |       |       |       |       |     1 ||     2
       Banish            |       |       |       |     1 |       |       ||     1
       Enter the Abyss   |       |       |       |       |       |     2 ||     2
Evoke: Wand              |       |       |    16 |     6 |     8 |     3 ||    33
       Box of beasts     |       |       |       |       |     1 |     2 ||     3
  Use: Potion            |       |       |     2 |     2 |       |     8 ||    12
       Scroll            |       |       |     5 |    19 |     8 |     8 ||    40
 Stab: Paralysed         |       |       |    15 |       |       |       ||    15
       Petrified         |       |       |       |     6 |       |       ||     6
  Eat: Chunk             |     1 |     7 |    13 |    33 |    26 |    20 ||   100
       Ration            |       |       |       |     1 |     4 |     2 ||     7
Armor: Leather armour    |    37 |    23 |       |       |       |       ||    60
       Ring mail         |       |    38 |    82 |    35 |       |       ||   155
       Skin              |       |       |    25 |       |       |    42 ||    67
       Scale mail        |       |       |       |   133 |       |       ||   133
       Plate armour      |       |       |       |     9 |   146 |       ||   155
       Pearl dragon scal |       |       |       |       |   194 |   269 ||   463
Dodge: Dodged            |    69 |    91 |   152 |   263 |   319 |   413 ||  1307
Block: Kite shield       |       |       |       |    80 |   941 |  1041 ||  2062
       Buckler           |       |       |       |     7 |       |       ||     7
       Rpst.: Falchion   |    23 |    17 |    31 |       |       |       ||    71
       Long sword        |       |       |    18 |     1 |       |       ||    19
       Demon blade       |       |       |       |    67 |    58 |    85 ||   210

Table legend:
 A = Non-vault XP
 B = Vault XP
 C = Vault XP percentage of total XP
 D = Non-vault monster count
 E = Vault monster count
 F = Vault count percentage of total count
                 A         B        C        D         E       F
            +---------+---------+-------+---------+---------+-------
      Total |  214579 |   60806 |  22.1 |     770 |     176 |  18.6
            +---------+---------+-------+---------+---------+-------
        D:1 |      48 |       9 |  15.8 |      28 |       3 |   9.7
        D:2 |      50 |       0 |   0.0 |      14 |       0 |   0.0
        D:3 |      70 |       0 |   0.0 |      19 |       0 |   0.0
        D:4 |    1592 |       0 |   0.0 |      25 |       0 |   0.0
        D:5 |     551 |     211 |  27.7 |      17 |       1 |   5.6
        D:6 |     755 |       0 |   0.0 |      12 |       0 |   0.0
        D:7 |    1090 |    1208 |  52.6 |      21 |       7 |  25.0
        D:8 |    1065 |       0 |   0.0 |      22 |       0 |   0.0
        D:9 |    2055 |     390 |  16.0 |      28 |      11 |  28.2
       D:10 |    3838 |     350 |   8.4 |      22 |       1 |   4.3
       D:11 |    1748 |    1251 |  41.7 |       8 |      14 |  63.6
       D:12 |    5878 |    2170 |  27.0 |      28 |       2 |   6.7
       D:13 |    4409 |    2259 |  33.9 |      25 |       6 |  19.4
       D:14 |    6221 |       0 |   0.0 |      31 |       0 |   0.0
       D:15 |   18949 |    6449 |  25.4 |      44 |      12 |  21.4
     Lair:1 |    3773 |    1177 |  23.8 |      11 |       5 |  31.2
     Lair:2 |    4282 |    5633 |  56.8 |      19 |      14 |  42.4
     Lair:3 |    2595 |       0 |   0.0 |       8 |       0 |   0.0
     Lair:4 |    3378 |       0 |   0.0 |      17 |       0 |   0.0
     Lair:5 |    7840 |       0 |   0.0 |      22 |       0 |   0.0
     Lair:6 |   10808 |    9914 |  47.8 |      35 |      28 |  44.4
   Shoals:1 |    7055 |       0 |   0.0 |      16 |       0 |   0.0
   Shoals:2 |   12711 |       0 |   0.0 |      29 |       0 |   0.0
   Shoals:3 |   23589 |    2395 |   9.2 |      45 |       1 |   2.2
   Shoals:4 |    3774 |       0 |   0.0 |       8 |       0 |   0.0
    Snake:1 |    7371 |    2914 |  28.3 |      14 |       3 |  17.6
    Snake:2 |   17492 |       0 |   0.0 |      35 |       0 |   0.0
    Snake:3 |   20297 |       0 |   0.0 |      34 |       0 |   0.0
      Orc:1 |    4669 |    1253 |  21.2 |      39 |      10 |  20.4
      Orc:2 |    4818 |   20766 |  81.2 |      39 |      42 |  51.9
    Abyss:1 |   11194 |    2457 |  18.0 |      13 |      16 |  55.2
    Abyss:2 |   20614 |       0 |   0.0 |      42 |       0 |   0.0
            +---------+---------+-------+---------+---------+-------
